Map: World of Sleepers LE

Players

Blask - Winner!

  • Race: Protoss Protoss
  • Spawn Location: 1:00

Krebyy

  • Race: Terran Terran
  • Spawn Location: 7:00

Event: NationWars 2019

VOD

Have the link to the VOD?

Description

Time

  • Played on: Sept. 30, 2019, 3:17 p.m.
  • Length: 10:26
Show
View Real Time Build Order
Export as new Build Order

Blask Protoss - Winner!

Build Orders:  

Get SALT Encoding   

  12  0:00  Probe  
  13  0:12  Probe  
  14  0:17  Pylon  
  14  0:25  Probe (Chrono Boost)  
  15  0:37  Probe (Chrono Boost)  
  15  0:39  Gateway  
  16  0:43  Probe (Chrono Boost)  
  16  0:46  Assimilator  
  17  0:51  Probe  
  18  1:00  Pylon  
  18  1:03  Probe  
  19  1:15  Probe  
  20  1:18  Gateway  
  20  1:25  Cybernetics Core  
  20  1:33  Probe  
  21  1:47  Probe  
  22  2:01  Adept (Chrono Boost), Probe, Assimilator  
  23  2:03  Stalker (Chrono Boost)  
  27  2:11  Pylon  
  27  2:13  Probe, Warp Gate  
  28  2:27  Stalker  
  29  2:36  Stalker  
  31  2:57  Stalker  
  33  3:05  Nexus  
  33  3:06  Stalker  
  35  3:26  Twilight Council  
  35  3:27  Stalker  
  37  3:37  Stalker  
  39  3:45  Pylon  
  39  4:03  Probe  
  39  4:06  Blink (Chrono Boost)  
  42  4:15  Probe  
  43  4:19  Probe  
  43  4:20  Robotics Facility  
  42  4:27  Probe  
  43  4:31  Probe (Chrono Boost)  
  43  4:38  Stalker x2  
  46  4:40  Probe (Chrono Boost)  
  46  4:44  Probe (Chrono Boost)  
  50  4:49  Probe (Chrono Boost)  
  50  4:50  Probe (Chrono Boost)  
  52  4:54  Probe (Chrono Boost)  
  52  4:58  Pylon, Probe, Shield Battery  
  54  5:06  Stalker x2  
  58  5:08  Probe  
  58  5:12  Probe  
  60  5:18  Observer (Chrono Boost)  
  60  5:20  Probe  
  62  5:24  Probe  
  63  5:30  Pylon  
  63  5:32  Probe  
  63  5:33  Pylon  
  62  5:36  Probe  
  61  5:43  Stalker x2  
  61  5:44  Probe  
  61  5:47  Assimilator  
  61  5:48  Probe  
  67  5:56  Probe, Gateway  
  68  6:00  Charge, Pylon  
  68  6:06  Observer (Chrono Boost)  
  68  6:09  Nexus  
  69  6:15  Pylon  
  69  6:20  Observer (Chrono Boost)  
  70  6:27  Forge x2  
  60  6:55  Probe x2  
  60  6:56  Zealot  
  60  6:57  Zealot x2  
  60  6:59  Gateway  
  60  7:00  Protoss Ground Weapons Level 1 (Chrono Boost)  
  60  7:01  Gateway, Protoss Ground Armor Level 1 (Chrono Boost)  
  66  7:03  Gateway  
  66  7:04  Gateway  
  66  7:06  Gateway  
  66  7:20  Zealot x3  
  66  7:22  Probe x3  
  75  7:31  Immortal (Chrono Boost)  
  79  7:41  Sentry  
  79  7:42  Zealot x2  
  85  7:44  Pylon  
  85  7:57  Zealot  
  87  8:02  Gateway  
  87  8:05  Gateway  
  87  8:06  Zealot x5  
  96  8:16  Warp Prism  
  96  8:17  Dark Shrine  
  98  8:22  Probe x2  
  98  8:23  Probe  
  101  8:31  Zealot x3  
  105  8:34  Probe  
  106  8:44  Stalker x3  
  106  8:45  Stalker  
  114  8:54  Zealot x3  
  118  9:05  Zealot x3  
  122  9:15  Probe x2  
  118  9:23  Zealot x4  
  118  9:24  Zealot x3  
  124  9:31  Pylon  
  124  9:41  Templar Archives  
  124  9:45  Assimilator  
  124  9:46  Assimilator  
  124  9:55  Zealot x5  
  124  9:59  Dark Templar  
  127  10:00  Dark Templar  
Show
View Real Time Build Order
Export as new Build Order

Krebyy Terran 

Build Orders: Gas First Reaper Expand 

Get SALT Encoding   

  12  0:00  SCV  
  13  0:12  SCV  
  14  0:17  Supply Depot  
  14  0:24  SCV  
  15  0:28  Refinery  
  15  0:38  SCV  
  16  0:45  Barracks  
  16  0:50  SCV  
  17  1:03  SCV  
  18  1:15  SCV  
  19  1:35  Orbital Command, Reaper  
  20  1:45  Command Center  
  20  1:58  Factory  
  20  2:06  Refinery  
  20  2:07  SCV  
  21  2:15  Barracks Reactor  
  21  2:24  SCV, Supply Depot  
  22  2:37  SCV  
  23  2:48  Factory Tech Lab  
  23  2:50  Starport  
  22  2:53  Marine x2  
  24  2:59  Command Center  
  24  3:06  SCV  
  24  3:09  Supply Depot  
  24  3:12  Cyclone  
  27  3:19  Marine x2  
  27  3:35  SCV  
  27  3:37  Marine x2  
  27  3:47  SCV, Siege Tank  
  31  3:57  Supply Depot  
  31  4:08  Starport Tech Lab  
  31  4:11  SCV, Marine x2  
  34  4:19  Orbital Command  
  34  4:28  Marine x2  
  34  4:31  Raven  
  38  4:37  SCV  
  39  4:42  Siege Tank  
  42  4:46  SCV  
  43  4:55  Supply Depot, Marine x2  
  43  4:59  SCV  
  46  5:14  Supply Depot  
  46  5:17  Orbital Command  
  46  5:19  Marine x2  
  46  5:20  Siege Tank  
  52  5:35  SCV  
  52  5:38  Marine x2  
  51  5:44  SCV  
  51  5:46  Starport Reactor  
  51  5:47  SCV  
  53  5:51  Barracks  
  53  5:53  Barracks  
  53  5:56  SCV  
  54  5:59  SCV  
  54  6:01  Marine x2  
  57  6:07  Supply Depot  
  57  6:08  SCV, Factory Reactor  
  58  6:12  SCV  
  58  6:22  Marine x2  
  60  6:28  SCV x2  
  60  6:29  Medivac x2  
  66  6:39  Stimpack  
  62  6:40  SCV x2  
  60  6:47  Marine x2  
  60  6:48  Factory Reactor  
  60  6:52  SCV x2  
  59  6:59  Combat Shield, Supply Depot, Marauder x2  
  62  7:04  SCV x2  
  62  7:07  Marine x2  
  66  7:13  Engineering Bay  
  66  7:14  Engineering Bay  
  66  7:16  SCV  
  66  7:19  Medivac  
  66  7:21  Marauder x2  
  73  7:24  SCV, Supply Depot, Marine x2  
  73  7:27  Widow Mine  
  78  7:45  SCV, Marine x2  
  78  7:46  SCV, Marauder, Refinery  
  78  7:47  Refinery  
  78  7:48  Terran Infantry Weapons Level 1  
  78  7:50  Supply Depot x2  
  84  7:52  Widow Mine  
  86  7:59  Supply Depot  
  86  8:00  Supply Depot  
  86  8:11  Marauder, Marine  
  86  8:12  Marauder, Marine  
  92  8:15  SCV x2  
  94  8:20  Supply Depot x2  
  94  8:29  Marine  
  94  8:30  Concussive Shells  
  94  8:32  Widow Mine x2  
  94  8:33  Marauder x2, Marine  
  102  8:35  SCV x2  
  102  8:46  Marine  
  102  8:47  SCV x2  
  105  8:49  Supply Depot  
  105  8:54  Marauder  
  105  8:55  Marine  
  107  8:56  Marauder  
  101  9:04  Marine  
  85  9:14  Marine  
  85  9:15  Widow Mine  
  85  9:16  Marauder, Widow Mine, Marine  
  80  9:19  Command Center  
  74  9:24  Marine  
  73  9:32  Marine  
  73  9:35  Marauder  
  73  9:36  Medivac x2  
  73  9:37  Marauder, Widow Mine x2  
  86  9:42  Marine  
  87  9:48  Barracks  
  87  9:49  Barracks  
  82  9:56  Marauder  
  82  9:58  SCV x2  
  82  10:00  Ghost Academy  
  82  10:03  Marauder  
Tags
 
Add a new tag
Caveats
  • Supply blocks, unpowered buildings, or Contaminate may cause inaccurate times.
  • Supply counts are checked every 10 seconds.